 Dungeon Crawl Stone Soup version 0.32-a0-918-g0f22ef8d61 (webtiles) character file.

Game seed: 3826279990537582612

2947 pokedragonboy the Cleaver (level 9, -9/72 HPs)
             Began as a Demonspawn Fighter on Apr 11, 2024.
             Mangled by a wolf spider zombie (12 damage)
             ... on level 7 of the Dungeon.
             The game lasted 00:10:16 (7031 turns).

pokedragonboy the Cleaver (Demonspawn Fighter)      Turns: 7031, Time: 00:10:16

Health: -9/72      AC: 12    Str: 21    XL:     9   Next: 51%
Magic:  11/11      EV:  5    Int:  8    God:
Gold:   443        SH:  0    Dex: 19    Spells: 8/8 levels left

rFire   x . .        a - +5 battleaxe
rCold   + + .        (shield currently unavailable)
rNeg    . . .        w - +0 plate armour
rPois   +            (helmet unavailable)
rElec   +            (no cloak)
rCorr   .            (no gloves)
SInv    .            p - +0 pair of boots "Haicyinn" {rElec rPois rF- rC++}
Will    .....        (no amulet) Stlth
                     r - +6 ring of dexterity
HPRegen 0.32/turn    (no ring)
MPRegen 0.12/turn

%: no passive effects
@: corroded, hasted, studying Maces & Flails, very quick
A: horns 3, molten scales 1, spiny 1
a: no special abilities


You were on level 7 of the Dungeon.
You visited 2 branches of the dungeon, and saw 8 of its levels.

You collected 443 gold pieces.

Inventory:

Hand Weapons
 a - a +5 battleaxe (weapon)
 b - a +2 hand axe of flaming
 x - a +1 war axe of venom
 y - a +2 antimagic glaive
Armour
 c - a +0 buckler
 p - the +0 pair of boots "Haicyinn" (worn) {rElec rPois rF- rC++}
   (You found it on level 2 of the Dungeon)

   rF-:       It makes you vulnerable to fire.
   rC++:      It greatly protects you from cold.
   rElec:     It insulates you from electricity.
   rPois:     It protects you from poison.
 w - a +0 plate armour (worn)
Jewellery
 r - a +6 ring of dexterity (left hand)
 A - a ring of ice
Wands
 s - a wand of roots (5)
Scrolls
 f - a scroll of brand weapon {unknown}
 g - 2 scrolls of vulnerability
 h - a scroll of identify
 i - 3 scrolls of teleportation
 j - 2 scrolls of noise
 m - a scroll of summoning {unknown}
 o - a scroll of enchant weapon {unknown}
 q - 2 scrolls of amnesia
Potions
 d - a potion of might
 e - a potion of invisibility
 l - a potion of curing
 n - a potion of brilliance
 t - a potion of cancellation
 u - 2 potions of lignification
 v - a potion of berserk rage
 z - a potion of mutation


   Skills:
 + Level 7.1 Fighting
 * Level 8.6 Axes
 + Level 6.5 Armour
 - Level 2.6 Shields
 + Level 3.3 Invocations


You had 8 spell levels left.
You didn't know any spells.
Your spell library contained the following spells:

 Spells                   Type           Power      Damage    Failure   Level
 Cigotuvi's Dreadful Rot  Necr/Alch/Air  0%         N/A       100%        2
 Tukima's Dance           Hex            0%         N/A       100%        3
 Dimensional Bullseye     Hex/Tloc       0%         N/A       100%        4
 Dispel Undead            Necr           0%         3d6       100%        4
 Iskenderun's Mystic Bla Conj/Tloc 0%             2d3        (+2d1     100%        4
 Martyr's Knell           Necr/Summ      0%         N/A       100%        4


Dungeon Overview and Level Annotations

Branches:
Dungeon (7/15)             Temple (1/1) D:4

Altars:
Ashenzari
Dithmenos
Fedhas
Hepliaklqana
Kikubaaqudgha
Makhleb
Nemelex Xobeh
Sif Muna
Uskayaw
Xom
Yredelemnul

Annotations:
D:6 4 runed translucent doors


Innate Abilities, Weirdness & Mutations

You have a pair of large horns on your head.
You are partially covered in molten scales. (AC +2)
You are partially covered in sharp spines.


Message History

Found 32 gold pieces.
Found a stone staircase leading down.
The withered plant crumbles away. x2
The shadow imp shouts, "Remove thy stench, thou frothy spur-galled bum-bailey!"
Unknown command.
The meliai zombie hits you but does no damage. x2
The sleepcap is struck by your spines. The sleepcap barely misses you.
The meliai zombie is struck by your spines.
The meliai zombie hits you but does no damage.
The meliai zombie hits you.
The wolf spider zombie attacks as it pursues you!
The wolf spider zombie hits you. The wolf spider zombie bites you.
The meliai zombie attacks as it pursues you!
The meliai zombie is struck by your spines.
The meliai zombie closely misses you. The meliai zombie barely misses you.
The meliai zombie hits you but does no damage.
The meliai zombie hits you.
* * * LOW HITPOINT WARNING * * *
The wolf spider zombie hits you but does no damage.
The wolf spider zombie bites you.
* * * LOW HITPOINT WARNING * * *
The meliai zombie is struck by your spines.
The meliai zombie hits you!
* * * LOW HITPOINT WARNING * * *
The meliai zombie closely misses you.
The sleepcap releases spores at the withered plant!
The withered plant begins to crumble.
The withered plant begins to die.
The wolf spider zombie attacks as it pursues you!
The wolf spider zombie is struck by your spines.
The wolf spider zombie hits you.
* * * LOW HITPOINT WARNING * * *
The wolf spider zombie bites you but does no damage.
The meliai zombie is struck by your spines.
The meliai zombie hits you but does no damage.
The meliai zombie barely misses you.
You feel yourself speed up.
The meliai zombie hits you but does no damage.
The meliai zombie hits you.
* * * LOW HITPOINT WARNING * * *
The wolf spider zombie hits you!
You die...

........∩.......
#.....$$.......
#..ß..ßß.......
#......5.....P.
#..P.Z.5P..P...
##ß.ß..........
..###.Pf..ß...#..
.......ZZZ.......
######.@#..#####.
##....# #>...#
######


You could see a sleepcap, 2 shadow imps, a wolf spider zombie, a centaur warrior
zombie, a meliai zombie and a centaur warrior skeleton.

Vanquished Creatures
  A wraith (D:6)
  A steam dragon (D:6)
  Menkaure (D:6)
  Duvessa (D:5)
  2 orc warriors
  An ice beast (D:5)
  An ogre (D:4)
  2 centaurs
  3 weeping skulls (D:6)
  2 bullfrogs (D:6)
  A gnoll sergeant (D:6)
  A wyvern zombie (D:6)
  2 scorpions (D:5)
  A water moccasin zombie (D:6)
  7 wights (D:6)
  Dowan (D:5)
  A centaur zombie (D:6)
  2 bullfrog zombies (D:6)
  2 bombardier beetles
  4 hounds
  3 jellies
  A human zombie (D:6)
  5 orc priests
  A sleepcap (D:5)
  Jessica (D:2)
  2 orc wizards
  A mummy (D:6)
  Robin (D:4)
  A gnoll (D:3)
  5 adders
  2 white imps
  3 dart slugs
  A ribbon worm (D:2)
  23 orcs
  11 ball pythons
  3 bats
  6 endoplasms
  5 giant cockroaches
  20 goblins
  9 hobgoblins
  8 jackals
  A quokka (D:2)
  8 kobolds
  8 rats
166 creatures vanquished.

Notes
Turn   | Place    | Note
-------+----------+-------------------------------------------
     0 | D:1      | pokedragonboy the Demonspawn Fighter began the quest for
                  | the Orb.
     0 | D:1      | Reached XP level 1. HP: 18/18 MP: 1/1
    35 | D:1      | Reached skill level 2 in Axes
   212 | D:1      | Gained mutation: You have a pair of small horns on your
                  | head. [demonic ancestry]
   212 | D:1      | Reached XP level 2. HP: 24/24 MP: 2/2
   444 | D:1      | Found a faded altar of an unknown god.
   900 | D:2      | Reached XP level 3. HP: 29/29 MP: 3/3
  1094 | D:2      | Identified the +0 pair of boots "Haicyinn" {rElec rPois rF-
                  | rC++}
  1158 | D:2      | Noticed Jessica
  1167 | D:2      | Killed Jessica
  1168 | D:2      | Reached skill level 3 in Axes
  1168 | D:2      | Reached XP level 4. HP: 22/35 MP: 4/4
  1710 | D:3      | Gained mutation: You are partially covered in sharp spines.
                  | [demonic ancestry]
  1710 | D:3      | Reached XP level 5. HP: 42/42 MP: 5/5
  2057 | D:3      | Reached skill level 4 in Axes
  2124 | D:3      | Found a sparkling altar of Nemelex Xobeh.
  2312 | D:4      | Noticed an ogre
  2703 | D:4      | Found a staircase to the Ecumenical Temple.
  2712 | Temple   | Entered the Ecumenical Temple
  3129 | D:4      | Killed an ogre
  3130 | D:4      | Gained mutation: You are partially covered in molten
                  | scales. (AC +2) [demonic ancestry]
  3130 | D:4      | Reached XP level 6. HP: 23/49 MP: 6/6
  3530 | D:4      | Noticed Robin
  3540 | D:4      | Killed Robin
  3821 | D:5      | Entered Level 5 of the Dungeon
  3939 | D:5      | Found a shimmering altar of Xom.
  4089 | D:5      | Noticed Dowan
  4089 | D:5      | Noticed Duvessa
  4100 | D:5      | Killed Dowan
  4101 | D:5      | Reached skill level 5 in Axes
  4108 | D:5      | Killed Duvessa
  4109 | D:5      | Gained mutation: You have a pair of horns on your head.
                  | [demonic ancestry]
  4109 | D:5      | Reached XP level 7. HP: 21/55 MP: 7/7
  4362 | D:5      | Reached skill level 5 in Fighting
  4462 | D:5      | Found an ancient bone altar of Kikubaaqudgha.
  4819 | D:5      | Reached skill level 6 in Axes
  4995 | D:6      | Found a shimmering blue altar of Sif Muna.
  5009 | D:6      | Reached skill level 5 in Armour
  5009 | D:6      | Gained mutation: You have a pair of large horns on your
                  | head. [demonic ancestry]
  5009 | D:6      | Reached XP level 8. HP: 16/62 MP: 8/8
  5234 | D:6      | Found a large runed translucent door.
  5234 | D:6      | Noticed a cyclops
  5235 | D:6      | Found a large runed translucent door.
  5237 | D:6      | Found a large runed translucent door.
  5237 | D:6      | Found a large runed translucent door.
  5237 | D:6      | Noticed Menkaure
  5245 | D:6      | Killed Menkaure
  5474 | D:6      | Reached skill level 7 in Axes
  5809 | D:6      | HP: 3/97 [orc warrior/+2 antimagic glaive (12)]
  6343 | D:6      | Reached XP level 9. HP: 65/71 MP: 9/9
  6372 | D:6      | Reached skill level 8 in Axes
  6372 | D:6      | Reached skill level 1 in Invocations
  6539 | D:6      | Found a basalt altar of Yredelemnul.
  6709 | D:7      | Found a broken altar of Ashenzari.
  7016 | D:7      | Noticed a hellwing
  7031 | D:7      | HP: 3/72 [meliai zombie (1)]
  7031 | D:7      | Mangled by a wolf spider zombie

Illustrated notes

Levels and vault maps discovered:
D:1:      giann_bridges, layout_loops_corners, ebering_ecumenical_altar_hall,
          serial_bayou_pond_c
D:2:      layout_loops_ring, minmay_misc_feat_diagonals, uniq_jessica
D:3:      layout_basic, nemelex_dance_club_becter,
          minmay_fractal_squares_diagonal_5
D:4:      kennysheep_goblin_castle, layout_layer_cave,
          minmay_temple_entry_overgrown, eino_curves_04
D:5:      layout_gridville, mainiacjoe_overflow_24_doors,
          nicolae_kikubaaqudgha_miasma_corner, uniq_duvessa
D:6:      layout_loops_corners, lemuel_mausoleum_altar_yredelemnul,
          nicolae_sif_muna_condensation, minmay_hollow_rounded_squares,
          uniq_menkaure
D:7:      cheibrodos_grave_circle, layout_basic, ashenzari_altar_1
Temple:   nicolae_temple_bog_church

Skill      XL: |  1  2  3  4  5  6  7  8  9 |
---------------+----------------------------+-----
Axes           | 2 3 4 5 6 7 8 |  8.6
Armour         | 3 4 5 6 |  6.5
Fighting       | 4 5 6 7 |  7.1
Invocations    | 3 |  3.3
Shields        | |  2.6

Action                     |  1- 3 |  4- 6 |  7- 9 || total
---------------------------+-------+-------+-------++-------
  Melee: Hand axe          |    61 |    81 |       ||   142
         War axe           |     7 |    56 |    33 ||    96
         Headbutt          |     4 |    18 |    37 ||    59
         Battleaxe         |       |       |   102 ||   102
    Use: Potion            |       |     2 |     5 ||     7
         Scroll            |       |     8 |     7 ||    15
 Armour: Scale mail        |    39 |    91 |       ||   130
         Plate armour      |       |    12 |   183 ||   195
  Dodge: Dodged            |    23 |    46 |    37 ||   106
  Block: Buckler           |    12 |    44 |    12 ||    68

Table legend: (Time is in decaauts)
 A = Elapsed time spent in this place.
 B = Non-inter-level travel time spent in this place.
 C = Inter-level travel time spent in this place.
 D = Time resting spent in this place.
 E = Time spent auto-exploring this place.
 F = Levels seen in this place.
 G = Mean time per level.
                   A        B        C        D        E       F      G
               +--------+--------+--------+--------+--------+-----+--------+
         Total |   7108 |   6831 |    277 |    726 |   5015 |   8 |  888.5 |
       Dungeon |   7043 |   6786 |    257 |    726 |   5015 |   7 | 1006.1 |
        Temple |     65 |     45 |     20 |      0 |      0 |   1 |   65.0 |
               +--------+--------+--------+--------+--------+-----+--------+

Top non-repeatable levels by time:
     D:6: 2016 daAuts
     D:4: 1351 daAuts
     D:5: 1059 daAuts
     D:1: 908 daAuts
     D:3: 897 daAuts
     D:2: 639 daAuts
     D:7: 170 daAuts
  Temple: 65 daAuts
